 Dungeon Crawl Stone Soup version 0.29-a0-23-ga79f92ac9c (webtiles) character file.

Game seed: 13253214578710807202

92 oldriver the Chopper (level 4, 0/38 HPs)
             Began as a Hill Orc Gladiator on Jan 31, 2022.
             Slain by an orc wizard (1 damage)
             ... on level 3 of the Dungeon.
             The game lasted 00:04:16 (3660 turns).

oldriver the Chopper (Hill Orc Gladiator)           Turns: 3660, Time: 00:04:17

Health: 0/38       AC:  4    Str: 18    XL:     4   Next: 60%
Magic:  4/4        EV: 12    Int:  8    God:
Gold:   87         SH:  0    Dex: 12    Spells: 3/3 levels left

rFire   . . .      SeeInvis .   a - +0 war axe
rCold   . . .      Faith    .   (no shield)
rNeg    . . .      Spirit   .   b - +0 leather armour
rPois   .          Reflect  .   c - +0 helmet
rElec   .          Harm     .   (no cloak)
rCorr   .          Rampage  .   (no gloves)
Will    .....                   (no boots)
Stlth   +.........              (no amulet)
HPRegen 0.12/turn               (no ring)
MPRegen 0.09/turn               (no ring)

@: no status effects
A: no striking features
a: no special abilities


You were on level 3 of the Dungeon.
You visited 1 branch of the dungeon, and saw 3 of its levels.

You collected 87 gold pieces.

Inventory:

Hand Weapons
 a - a +0 war axe (weapon)
 f - a +2 hunting sling of freezing
 h - a +2 whip of electrocution
Missiles
 d - 3 throwing nets (quivered)
 n - 43 stones
Armour
 b - a +0 leather armour (worn)
 c - a +0 helmet (worn)
Scrolls
 g - 2 scrolls of identify {unknown}
 i - a scroll of acquirement {unknown}
 k - a scroll of enchant armour {unknown}
Potions
 e - a potion of berserk rage {unknown}
 j - a potion of flight {unknown}
 l - 2 potions of cancellation
 m - 2 potions of curing {unknown}
 o - a potion of heal wounds {unknown}


   Skills:
 + Level 3.4 Fighting
 + Level 4.9 Axes
 + Level 2.5 Throwing
 - Level 3.0 Dodging


You had 3 spell levels left.
You didn't know any spells.
Your spell library was empty.

Dungeon Overview and Level Annotations

Branches:
Dungeon (3/15)

Altars:

Shops:
D:1 ?   D:3 !


Message History

You barely miss the orc wizard.
The orc wizard is lightly wounded.
The orc wizard hits you with a +0 dagger.
You hit the orc wizard but do no damage.
The orc wizard is lightly wounded.
The orc wizard misses you.
The orc wizard hits you with a +0 dagger.
You hit the orc wizard.
The orc wizard is moderately wounded.
The orc wizard hits you with a +0 dagger.
You miss the orc wizard.
The orc wizard is moderately wounded.
The orc wizard misses you.
You closely miss the orc wizard.
The orc wizard is moderately wounded.
The orc wizard barely misses you.
The orc wizard hits you with a +0 dagger.
You slash the orc wizard!
The orc wizard is severely wounded.
The orc wizard casts a spell at you.
You are confused.
You bump into the rock wall.
The orc wizard hits you with a +0 dagger.
You bump into the rock wall.
The orc wizard hits you with a +0 dagger.
You closely miss the orc wizard.
The orc wizard is severely wounded.
The orc wizard casts a spell at you. The magic dart hits you.
* * * LOW HITPOINT WARNING * * *
You bump into the rock wall.
The orc wizard casts a spell at you. The magic dart hits you!
* * * LOW HITPOINT WARNING * * *
It was a potion of cancellation.
Your magical effects are unravelling.
You feel magically purged.
You feel less confused.
The orc wizard hits you with a +0 dagger.
You die... .oo

.........# #.#.# #o# #
########.# #.#.# #o##
#.#....###.# #.#.# #.<#
#..........# #.#.# ####
####.##.###.## #.#.########
..........#..# #.#.#.......
###...#...#..###.#.#.######
#.......#...##......#####
#.#....o@.#.##......##...
#.#####.###.##......##... #
#.# #..#......##..( #.#
##.#......##... #.#
#........##... #.#
##.......##... ..#
#.......##... ###
#.......).... ##>.....##...


You could see an orc wizard.

Vanquished Creatures
  3 gnolls (D:3)
  A worm (D:2)
  A dart slug (D:2)
  6 orcs (D:3)
  6 endoplasms
  A giant cockroach (D:2)
  3 goblins
  5 hobgoblins
  2 jackals (D:2)
  7 kobolds
  2 quokkas
  4 ball pythons
  4 bats
  A frilled lizard (D:2)
  4 rats
50 creatures vanquished.

Notes
Turn   | Place    | Note
-------+----------+-------------------------------------------
     0 | D:1      | oldriver the Hill Orc Gladiator began the quest for the
                  | Orb.
     0 | D:1      | Reached XP level 1. HP: 18/18 MP: 1/1
    62 | D:1      | Found a faded altar of an unknown god.
   385 | D:1      | Reached XP level 2. HP: 25/25 MP: 2/2
   686 | D:1      | Found Lys Ocal's Magic Scroll Shop.
  1242 | D:2      | Reached XP level 3. HP: 21/30 MP: 3/3
  2241 | D:3      | Found Qameud's Distillery.
  2950 | D:3      | Reached XP level 4. HP: 38/38 MP: 4/4
  3659 | D:3      | HP: 1/38 [orc wizard/magic dart (7)]
  3660 | D:3      | Slain by an orc wizard

Illustrated notes

Levels and vault maps discovered:
D:1:      matt_arrival_los_fun, layout_loops_ring,
          hellmonk_ecumenical_altar_heavens_door, serial_shops, shop,
          minivault_14, grunt_decor_fettered
D:2:      layout_loops_cross, kennysheep_path_1
D:3:      layout_basic, serial_shops, nicolae_shop_stone, shop

Skill      XL: |  1  2  3  4 |
---------------+-------------+-----
Throwing       | 2 |  2.5
Fighting       | 3 |  3.4
Dodging        | 3 |  3.0
Axes           | |  4.9

Action                   |  1- 3 |  4- 6 || total
-------------------------+-------+-------++-------
Melee: War axe           |   108 |    39 ||   147
       Punch             |     3 |       ||     3
  Use: Potion            |       |     1 ||     1
 Stab: Sleeping          |     1 |       ||     1
Armor: Leather armour    |    23 |    18 ||    41
Dodge: Dodged            |    81 |    38 ||   119

Table legend: (Time is in decaauts)
 A = Elapsed time spent in this place.
 B = Non-inter-level travel time spent in this place.
 C = Inter-level travel time spent in this place.
 D = Time resting spent in this place.
 E = Time spent auto-exploring this place.
 F = Levels seen in this place.
 G = Mean time per level.
                   A        B        C        D        E       F      G
               +--------+--------+--------+--------+--------+-----+--------+
         Total |   3705 |   3604 |    101 |   1059 |   2001 |   3 | 1235.0 |
       Dungeon |   3705 |   3604 |    101 |   1059 |   2001 |   3 | 1235.0 |
               +--------+--------+--------+--------+--------+-----+--------+

Top non-repeatable levels by time:
     D:2: 1894 daAuts
     D:1: 972 daAuts
     D:3: 837 daAuts
